Hurricanes vs Sabres

Created - January 5, 2017 at 17:17

Goals
1 2 3 OT1 T
Hurricanes 2 0 2 0 4
Sabres 0 3 1 1 5
Shots
1 2 3 OT1 T
Hurricanes 11 17 12 0 40
Sabres 3 6 2 1 12

1st period

1. Hurricanes , Ron Hainsey 3 (Lee Stempniak, Bryan Little) at 0:06
2. Hurricanes , Carl Hagelin 11 (Brian Dumoulin) at 7:00

Penalties :
Rasmus Ristolainen (BUF) for Interference (Minor) at 0:30, Thomas Vanek (BUF) for Cross-checking (Minor) at 15:18, Dustin Byfuglien (CAR) for Tripping (Minor) at 18:09

2nd period

3. Sabres , Francois Beauchemin 7 (Oliver Ekman-Larsson, Thomas Vanek) at 0:48 (PP)
4. Sabres , Kris Versteeg 7 (Lars Eller) at 13:04
5. Sabres , Nino Niederreiter 14 (Ryan Johansen, Rasmus Ristolainen) at 15:00

Penalties :
Dustin Byfuglien (CAR) for Holding (Minor) at 0:36, Braydon Coburn (BUF) for Tripping (Minor) at 4:40, Nino Niederreiter (BUF) for Diving (Minor) at 9:58, Lars Eller (BUF) for Holding (Minor) at 16:44

3rd period

6. Sabres , Johnny Oduya 3 (Matt Cullen, Thomas Vanek) at 17:43
7. Hurricanes , Lee Stempniak 14 (Jordan Oesterle, Keith Yandle) at 18:07
8. Hurricanes , Zach Parise 24 (Bryan Little, Dustin Byfuglien) at 19:05 (PP)

Penalties :
Ryan Johansen (BUF) for Charging (Minor) at 0:16, Matt Cullen (BUF) for Holding (Minor) at 6:03, Dustin Byfuglien (CAR) for Hooking (Minor) at 8:05, Oliver Ekman-Larsson (BUF) for Hooking (Minor) at 14:01, Nino Niederreiter (BUF) for Hooking (Minor) at 18:36, Ryan Johansen (BUF) for Diving (Minor) at 19:43

Overtime #1

9. Sabres , Matt Cullen 17 (Tyler Myers) at 0:39 (SH)

Penalties :
No Penalty

Goalie Stats

Frederik Andersen (CAR), 7 saves from 12 shots - (0.583), OTL, 13-8-2, 60:36 minutes
Ondrej Pavelec (BUF), 36 saves from 40 shots - (0.900), W, 6-18-5, 60:40 minutes

Players Stats for Hurricanes

Player Name              G  A  P  +/- PIM S  H  SB GA TA FO     MP     PP MP  PK MP  
------------------------------------------------------------------------------------
Alex Chiasson            0  0  0   0  0   0  0  0  0  0  0/0     7:12   0:00   0:15 
Brad Richardson          0  0  0   0  0   0  0  0  0  0  3/5     9:22   0:00   2:25 
Brian Boyle              0  0  0   1  0   0  1  0  0  0  4/9     6:48   0:00   0:06 
Brian Dumoulin           0  1  1  -1  0   0  0  0  0  0  0/0    15:32   0:00   2:36 
Brian Strait             0  0  0   0  0   0  1  1  0  0  0/0     5:00   0:00   1:35 
Bryan Little             0  2  2  -1  0   3  0  1  0  0  14/30  22:20   9:21   0:00 
Carl Hagelin             1  0  1   1  0   2  0  0  0  0  1/2    15:03   0:00   1:24 
Dustin Byfuglien         0  1  1  -1  6   0  4  1  0  0  0/0    26:12   9:45   0:00 
Jamie McGinn             0  0  0   1  0   3  6  0  0  0  0/1    16:03   9:21   0:00 
Jordan Oesterle          0  1  1   1  0   3  0  0  0  0  0/0    20:12   9:45   0:00 
Keith Yandle             0  1  1   0  0   1  1  0  0  0  0/0    15:11   6:52   0:37 
Kyle Quincey             0  0  0  -1  0   1  0  2  0  0  0/0    21:45   6:52   1:57 
Lee Stempniak            1  1  2   0  0   4  1  0  0  0  1/2    15:05   0:00   2:46 
Leo Komarov              0  0  0  -1  0   6  4  0  0  0  11/27  21:55   7:16   1:24 
Michael Frolik           0  0  0  -2  0   8  0  1  0  0  2/3    21:11   7:16   0:00 
Nick Foligno             0  0  0  -1  0   2  2  0  0  0  1/2    20:31   7:16   0:00 
Ron Hainsey              1  0  1   0  0   1  0  2  0  0  0/0    17:25   0:00   1:35 
Zach Parise              1  0  1   0  0   6  2  0  0  0  3/4    21:40   9:21   0:00 

Players Stats for Sabres

Player Name              G  A  P  +/- PIM S  H  SB GA TA FO     MP     PP MP  PK MP  
------------------------------------------------------------------------------------
Braydon Coburn           0  0  0   3  2   0  1  0  0  0  0/0    16:16   0:00   6:47 
Brock Nelson             0  0  0   0  0   0  0  0  0  0  2/2    19:28   1:52   3:10 
Daniel Winnik            0  0  0  -1  0   1  0  0  0  0  2/2    18:53   0:00  10:22 
Francois Beauchemin      1  0  1  -2  0   1  1  0  0  0  0/0    25:33   2:05   9:31 
Gustav Nyquist           0  0  0  -1  0   1  0  0  0  0  1/2    11:01   2:18   0:12 
Jacob Josefson           0  0  0   0  0   0  3  0  0  0  3/5    10:39   0:00   4:54 
Johnny Oduya             1  0  1   2  0   1  1  1  0  0  0/0    19:09   0:00   9:39 
Kris Versteeg            1  0  1  -1  0   1  0  0  0  0  0/3    12:21   0:19   3:17 
Kyle Turris              0  0  0   1  0   3  1  0  0  0  10/21  13:25   2:18   0:00 
Lars Eller               0  1  1   0  2   0  0  1  0  0  4/8     8:28   0:00   2:44 
Matt Cullen              1  1  2   2  2   2  0  0  0  0  14/22  20:21   0:00   9:15 
Nino Niederreiter        1  0  1   0  4   1  2  0  0  0  1/4    17:49   1:59   0:00 
Oliver Ekman-Larsson     0  1  1  -2  2   0  1  1  0  0  0/0    17:20   2:05   0:00 
Rasmus Ristolainen       0  1  1   0  2   0  1  0  0  0  0/0    18:49   2:05   0:59 
Ryan Johansen            0  1  1   0  4   0  1  1  0  0  8/15   15:40   1:52   0:00 
Thomas Vanek             0  2  2   1  2   0  0  0  0  0  0/0    12:58   1:52   0:00 
Tyler Myers              0  1  1   1  0   1  0  1  0  0  0/0    24:10   2:05   7:38 
Zach Hyman               0  0  0   0  0   0  1  0  0  0  0/1     2:53   0:00   0:00 

3 Stars

1 - Johnny Oduya (BUF)
2 - Lee Stempniak (CAR)
3 - Matt Cullen (BUF)

Power Play

Hurricanes - 1 on 10 Attempt(s) - 10.00%
Sabres - 1 on 3 Attempt(s) - 33.33%

Penalty Kill

Hurricanes - 2 on 3 Attempt(s) - 66.67% - Score 0 goal in Penalty Kill
Sabres - 9 on 10 Attempt(s) - 90.00% - Score 1 goal in Penalty Kill

Team Stat

Hurricanes - Hits : 22 - Faceoff Wins : 40 - Blocked Shots : 8 - Penalty Minutes : 6
Sabres - Hits : 13 - Faceoff Wins : 45 - Blocked Shots : 5 - Penalty Minutes : 20

Official

Referees : Garrett Rank and Eric Furlatt
Linesman : Jonny Murray and Derek Amell

Game Notes

Zach Hyman is injured at 0:33 of 2nd period (Bruised Right Shoulder)

Finance

Level 1 -- Attendance: 5583 (85.89%) -- Ticket Income $614,130
Level 2 -- Attendance: 3936 (78.72%) -- Ticket Income $334,560
Level 3 -- Attendance: 3226 (92.17%) -- Ticket Income $161,300
Level 4 -- Attendance: 3070 (100.00%) -- Ticket Income $76,750
Luxury Box -- Attendance: 878 (87.80%) -- Ticket Income $184,380
Game was played at the First Niagara Center.
Total Attendance: 16693 (87.54%)
Total Ticket Income: $1,371,120
Other Income: $205,668
Total Income: $1,576,788

% Time on Ice - Hurricanes

Lines # - Real PCT - Wanted PCT - Time Play
Normal Forward
1 - 31% - 38% - 12:19
2 - 34% - 31% - 13:15
3 - 17% - 20% - 6:42
4 - 18% - 11% - 6:57
Normal Defense
1 - 40% - 38% - 15:50
2 - 33% - 31% - 12:56
3 - 18% - 20% - 7:02
4 - 9% - 11% - 3:25
PP Forward
1 - 56% - 58% - 9:21
2 - 44% - 42% - 7:16
PP Defense
1 - 59% - 58% - 9:45
2 - 41% - 42% - 6:52
PK Forward
1 - 66% - 56% - 2:46
2 - 34% - 44% - 1:24
PK Defense
1 - 53% - 58% - 2:13
2 - 47% - 42% - 1:57
PK3 Forward
1 - 0% - 55%
2 - 0% - 45%
PK3 Defense
1 - 0% - 57%
2 - 0% - 43%
44 Forward
1 - 100% - 56% - 0:40
2 - 0% - 44% - 0:00
44 Defense
1 - 100% - 57% - 0:40
2 - 0% - 43% - 0:00
Last Minute Offensive  - 0:00
Last Minute Defensive  - 0:00
Total
Forward - 60:40
Defense - 60:40

% Time on Ice - Sabres

Lines # - Real PCT - Wanted PCT - Time Play
Normal Forward
1 - 35% - 40% - 13:50
2 - 28% - 30% - 11:07
3 - 22% - 20% - 8:31
4 - 15% - 10% - 5:45
Normal Defense
1 - 38% - 35% - 15:05
2 - 37% - 35% - 14:27
3 - 24% - 25% - 9:30
4 - 0% - 5% - 0:11
PP Forward
1 - 45% - 65% - 1:52
2 - 55% - 35% - 2:18
PP Defense
1 - 50% - 55% - 2:05
2 - 50% - 45% - 2:05
PK Forward
1 - 80% - 65% - 13:20
2 - 20% - 35% - 3:17
PK Defense
1 - 56% - 55% - 9:16
2 - 44% - 45% - 7:21
PK3 Forward
1 - 100% - 60% - 0:40
2 - 0% - 40% - 0:00
PK3 Defense
1 - 58% - 60% - 0:23
2 - 43% - 40% - 0:17
44 Forward
1 - 0% - 60%
2 - 0% - 40%
44 Defense
1 - 0% - 60%
2 - 0% - 40%
Last Minute Offensive  - 0:00
Last Minute Defensive  - 0:00
Total
Forward - 60:40
Defense - 60:40

Play by Play

1st period


0:01 of 1st period - Bryan Little wins face-off versus Ryan Johansen in neutral zone.
0:04 of 1st period - Shot by Lee Stempniak.
0:04 of 1st period - Shot Blocked by Oliver Ekman-Larsson.
0:06 of 1st period - Shot by Ron Hainsey.
0:06 of 1st period - Goal by Ron Hainsey - Hurricanes : 1 - Sabres : 0.
0:07 of 1st period - Kyle Turris wins face-off versus Leo Komarov in neutral zone.
0:21 of 1st period - Icing by Tyler Myers.
0:22 of 1st period - Brian Boyle wins face-off versus Kyle Turris in Sabres zone.
0:30 of 1st period - Minor Penalty to Rasmus Ristolainen for Interference.
0:31 of 1st period - Matt Cullen wins face-off versus Bryan Little in Sabres zone.
1:21 of 1st period - Icing by Dustin Byfuglien.
1:22 of 1st period - Matt Cullen wins face-off versus Bryan Little in Hurricanes zone.
1:32 of 1st period - Daniel Winnik is hit by Dustin Byfuglien and loses puck.
1:45 of 1st period - Shot by Matt Cullen.
1:45 of 1st period - Shot Misses the Net.
1:59 of 1st period - Shot by Daniel Winnik.
1:59 of 1st period - Shot Misses the Net.
3:42 of 1st period - Carl Hagelin is hit by Zach Hyman and loses puck.
4:14 of 1st period - Icing by Nick Foligno.
4:15 of 1st period - Leo Komarov wins face-off versus Kyle Turris in Hurricanes zone.
4:43 of 1st period - Off-side.
4:44 of 1st period - Ryan Johansen wins face-off versus Bryan Little in neutral zone.
4:49 of 1st period - Shot by Ryan Johansen.
4:49 of 1st period - Shot Misses the Net.
4:51 of 1st period - Shot by Brock Nelson.
4:51 of 1st period - Shot Misses the Net.
5:29 of 1st period - Shot by Ryan Johansen.
5:29 of 1st period - Shot Misses the Net.
6:40 of 1st period - Shot by Leo Komarov.
6:40 of 1st period - Shot Misses the Net.
6:54 of 1st period - Shot by Lars Eller.
6:54 of 1st period - Shot Misses the Net.
7:00 of 1st period - Shot by Carl Hagelin.
7:00 of 1st period - Goal by Carl Hagelin - Hurricanes : 2 - Sabres : 0.
7:01 of 1st period - Carl Hagelin wins face-off versus Zach Hyman in neutral zone.
7:18 of 1st period - Shot by Kyle Quincey.
7:18 of 1st period - Stopped by Ondrej Pavelec with a rebound.
7:35 of 1st period - Carl Hagelin is hit by Oliver Ekman-Larsson and loses puck.
8:55 of 1st period - Shot by Lee Stempniak.
8:55 of 1st period - Stopped by Ondrej Pavelec without a rebound.
8:56 of 1st period - Brian Boyle wins face-off versus Kyle Turris in Sabres zone.
9:13 of 1st period - Shot by Thomas Vanek.
9:13 of 1st period - Shot Misses the Net.
9:15 of 1st period - Shot by Matt Cullen.
9:15 of 1st period - Stopped by Frederik Andersen without a rebound.
9:16 of 1st period - Bryan Little wins face-off versus Lars Eller in Hurricanes zone.
9:31 of 1st period - Shot by Zach Parise.
9:31 of 1st period - Stopped by Ondrej Pavelec with a rebound.
9:37 of 1st period - Shot by Zach Parise.
9:37 of 1st period - Deflect By Bryan Little.
9:37 of 1st period - Stopped by Ondrej Pavelec without a rebound.
9:38 of 1st period - Ryan Johansen wins face-off versus Brian Boyle in Sabres zone.
9:38 of 1st period - Ryan Johansen is hit by Brian Boyle.
10:00 of 1st period - Shot by Nino Niederreiter.
10:00 of 1st period - Shot Misses the Net.
10:31 of 1st period - Off-side.
10:32 of 1st period - Zach Parise wins face-off versus Kyle Turris in neutral zone.
11:02 of 1st period - Off-side.
11:03 of 1st period - Leo Komarov wins face-off versus Jacob Josefson in neutral zone.
11:06 of 1st period - Tyler Myers is hit by Nick Foligno and loses puck.
11:10 of 1st period - Icing by Lars Eller.
11:11 of 1st period - Leo Komarov wins face-off versus Lars Eller in Sabres zone.
11:21 of 1st period - Kyle Quincey is hit by Jacob Josefson and loses puck.
11:29 of 1st period - Icing by Kyle Quincey.
11:30 of 1st period - Leo Komarov wins face-off versus Ryan Johansen in Hurricanes zone.
11:40 of 1st period - Shot by Michael Frolik.
11:40 of 1st period - Stopped by Ondrej Pavelec without a rebound.
11:41 of 1st period - Bryan Little wins face-off versus Kyle Turris in Sabres zone.
13:33 of 1st period - Braydon Coburn is hit by Jamie McGinn.
13:41 of 1st period - Shot by Gustav Nyquist.
13:41 of 1st period - Stopped by Frederik Andersen without a rebound.
13:42 of 1st period - Leo Komarov wins face-off versus Lars Eller in Hurricanes zone.
13:42 of 1st period - Leo Komarov is hit by Jacob Josefson.
14:23 of 1st period - Shot by Michael Frolik.
14:23 of 1st period - Shot Blocked by Lars Eller.
14:25 of 1st period - Shot by Leo Komarov.
14:25 of 1st period - Stopped by Ondrej Pavelec without a rebound.
14:26 of 1st period - Kyle Turris wins face-off versus Bryan Little in Sabres zone.
15:18 of 1st period - Minor Penalty to Thomas Vanek for Cross-checking.
15:19 of 1st period - Nick Foligno wins face-off versus Jacob Josefson in Sabres zone.
15:19 of 1st period - Nick Foligno is hit by Braydon Coburn.
15:31 of 1st period - Shot by Leo Komarov.
15:31 of 1st period - Shot Misses the Net.
15:33 of 1st period - Shot by Leo Komarov.
15:33 of 1st period - Shot Misses the Net.
15:35 of 1st period - Shot by Kyle Quincey.
15:35 of 1st period - Shot Misses the Net.
15:37 of 1st period - Shot by Michael Frolik.
15:37 of 1st period - Stopped by Ondrej Pavelec without a rebound.
15:38 of 1st period - Leo Komarov wins face-off versus Matt Cullen in Sabres zone.
15:41 of 1st period - Shot by Michael Frolik.
15:41 of 1st period - Stopped by Ondrej Pavelec with a rebound.
15:43 of 1st period - Shot by Jordan Oesterle.
15:43 of 1st period - Stopped by Ondrej Pavelec without a rebound.
15:44 of 1st period - Matt Cullen wins face-off versus Bryan Little in Sabres zone.
16:56 of 1st period - Shot by Francois Beauchemin.
16:56 of 1st period - Shot Blocked by Michael Frolik.
16:58 of 1st period - Shot by Francois Beauchemin.
16:58 of 1st period - Shot Blocked by Dustin Byfuglien.
17:26 of 1st period - Shot by Carl Hagelin.
17:26 of 1st period - Shot Misses the Net.
18:09 of 1st period - Minor Penalty to Dustin Byfuglien for Tripping.
18:10 of 1st period - Kyle Turris wins face-off versus Brad Richardson in Hurricanes zone.
18:11 of 1st period - Shot by Tyler Myers.
18:11 of 1st period - Stopped by Frederik Andersen without a rebound.
18:12 of 1st period - Brad Richardson wins face-off versus Kyle Turris in Hurricanes zone.
18:12 of 1st period - Brad Richardson is hit by Kyle Turris.
19:30 of 1st period - Shot by Oliver Ekman-Larsson.
19:30 of 1st period - Shot Misses the Net.
Goals for this period are 2 for Hurricanes vs 0 for Sabres.
Shots for this period are 11 for Hurricanes vs 3 for Sabres.

2nd period


0:01 of 2nd period - Brad Richardson wins face-off versus Ryan Johansen in neutral zone.
0:01 of 2nd period - Brad Richardson is hit by Ryan Johansen.
0:21 of 2nd period - Shot by Michael Frolik.
0:21 of 2nd period - Shot Misses the Net.
0:32 of 2nd period - Zach Hyman is hit by Brian Strait and loses puck.
0:33 of 2nd period - Zach Hyman from Sabres is injured at 0:33 of 2nd period (Bruised Right Shoulder).
0:34 of 2nd period - Nino Niederreiter wins face-off versus Lee Stempniak in Hurricanes zone.
0:36 of 2nd period - Minor Penalty to Dustin Byfuglien for Holding.
0:37 of 2nd period - Ryan Johansen wins face-off versus Brad Richardson in Hurricanes zone.
0:40 of 2nd period - Shot by Francois Beauchemin.
0:40 of 2nd period - Shot Misses the Net.
0:42 of 2nd period - Shot by Oliver Ekman-Larsson.
0:42 of 2nd period - Shot Blocked by Ron Hainsey.
0:44 of 2nd period - Shot by Thomas Vanek.
0:44 of 2nd period - Shot Misses the Net.
0:46 of 2nd period - Shot by Oliver Ekman-Larsson.
0:46 of 2nd period - Shot Misses the Net.
0:48 of 2nd period - Shot by Francois Beauchemin.
0:48 of 2nd period - Goal by Francois Beauchemin - Hurricanes : 2 - Sabres : 1.
0:49 of 2nd period - Bryan Little wins face-off versus Gustav Nyquist in neutral zone.
1:57 of 2nd period - Johnny Oduya is hit by Nick Foligno and loses puck.
2:27 of 2nd period - Off-side.
2:28 of 2nd period - Brian Boyle wins face-off versus Lars Eller in neutral zone.
3:40 of 2nd period - Ryan Johansen is hit by Lee Stempniak and loses puck.
3:47 of 2nd period - Shot by Zach Parise.
3:47 of 2nd period - Deflect By Lee Stempniak.
3:47 of 2nd period - Shot Blocked by Ryan Johansen.
3:49 of 2nd period - Shot by Jordan Oesterle.
3:49 of 2nd period - Shot Misses the Net.
4:01 of 2nd period - Shot by Bryan Little.
4:01 of 2nd period - Deflect By Zach Parise.
4:01 of 2nd period - Shot Misses the Net.
4:05 of 2nd period - Shot by Zach Parise.
4:05 of 2nd period - Stopped by Ondrej Pavelec with a rebound.
4:21 of 2nd period - Shot by Michael Frolik.
4:21 of 2nd period - Stopped by Ondrej Pavelec without a rebound.
4:22 of 2nd period - Kyle Turris wins face-off versus Leo Komarov in Sabres zone.
4:28 of 2nd period - Thomas Vanek is hit by Dustin Byfuglien and loses puck.
4:40 of 2nd period - Minor Penalty to Braydon Coburn for Tripping.
4:41 of 2nd period - Leo Komarov wins face-off versus Matt Cullen in Sabres zone.
5:02 of 2nd period - Shot by Michael Frolik.
5:02 of 2nd period - Shot Misses the Net.
5:10 of 2nd period - Shot by Nick Foligno.
5:10 of 2nd period - Stopped by Ondrej Pavelec with a rebound.
5:12 of 2nd period - Shot by Leo Komarov.
5:12 of 2nd period - Shot Misses the Net.
5:14 of 2nd period - Shot by Michael Frolik.
5:14 of 2nd period - Stopped by Ondrej Pavelec without a rebound.
5:15 of 2nd period - Matt Cullen wins face-off versus Bryan Little in Sabres zone.
5:15 of 2nd period - Matt Cullen is hit by Zach Parise.
5:39 of 2nd period - Shot by Zach Parise.
5:39 of 2nd period - Stopped by Ondrej Pavelec without a rebound.
5:40 of 2nd period - Lars Eller wins face-off versus Leo Komarov in Sabres zone.
6:13 of 2nd period - Shot by Michael Frolik.
6:13 of 2nd period - Deflect By Leo Komarov.
6:13 of 2nd period - Stopped by Ondrej Pavelec without a rebound.
6:14 of 2nd period - Lars Eller wins face-off versus Bryan Little in Sabres zone.
6:14 of 2nd period - Lars Eller is hit by Jamie McGinn.
6:22 of 2nd period - Shot by Zach Parise.
6:22 of 2nd period - Shot Misses the Net.
6:24 of 2nd period - Shot by Dustin Byfuglien.
6:24 of 2nd period - Shot Misses the Net.
6:38 of 2nd period - Shot by Jamie McGinn.
6:38 of 2nd period - Shot Misses the Net.
7:03 of 2nd period - Off-side.
7:04 of 2nd period - Bryan Little wins face-off versus Kyle Turris in neutral zone.
7:22 of 2nd period - Icing by Thomas Vanek.
7:23 of 2nd period - Kyle Turris wins face-off versus Leo Komarov in Sabres zone.
7:39 of 2nd period - Shot by Thomas Vanek.
7:39 of 2nd period - Shot Misses the Net.
7:46 of 2nd period - Kyle Turris is hit by Keith Yandle and loses puck.
7:49 of 2nd period - Shot by Kyle Turris.
7:49 of 2nd period - Stopped by Frederik Andersen without a rebound.
7:50 of 2nd period - Ryan Johansen wins face-off versus Bryan Little in Hurricanes zone.
8:02 of 2nd period - Icing by Tyler Myers.
8:03 of 2nd period - Ryan Johansen wins face-off versus Carl Hagelin in Sabres zone.
8:19 of 2nd period - Off-side.
8:20 of 2nd period - Bryan Little wins face-off versus Kyle Turris in neutral zone.
8:32 of 2nd period - Francois Beauchemin is hit by Dustin Byfuglien and loses puck.
9:25 of 2nd period - Shot by Nick Foligno.
9:25 of 2nd period - Stopped by Ondrej Pavelec with a rebound.
9:41 of 2nd period - Shot by Leo Komarov.
9:41 of 2nd period - Stopped by Ondrej Pavelec without a rebound.
9:42 of 2nd period - Ryan Johansen wins face-off versus Brian Boyle in Sabres zone.
9:58 of 2nd period - Minor Penalty to Nino Niederreiter for Diving.
9:59 of 2nd period - Jacob Josefson wins face-off versus Leo Komarov in Sabres zone.
10:41 of 2nd period - Braydon Coburn is hit by Leo Komarov and loses puck.
11:31 of 2nd period - Icing by Kyle Quincey.
11:32 of 2nd period - Zach Parise wins face-off versus Matt Cullen in Hurricanes zone.
11:37 of 2nd period - Shot by Keith Yandle.
11:37 of 2nd period - Shot Misses the Net.
11:39 of 2nd period - Shot by Jamie McGinn.
11:39 of 2nd period - Stopped by Ondrej Pavelec without a rebound.
11:40 of 2nd period - Matt Cullen wins face-off versus Leo Komarov in Sabres zone.
11:48 of 2nd period - Icing by Jordan Oesterle.
11:49 of 2nd period - Matt Cullen wins face-off versus Leo Komarov in Hurricanes zone.
13:04 of 2nd period - Shot by Kris Versteeg.
13:04 of 2nd period - Goal by Kris Versteeg - Hurricanes : 2 - Sabres : 2.
13:05 of 2nd period - Daniel Winnik wins face-off versus Leo Komarov in neutral zone.
13:24 of 2nd period - Shot by Gustav Nyquist.
13:24 of 2nd period - Shot Misses the Net.
13:30 of 2nd period - Shot by Daniel Winnik.
13:30 of 2nd period - Stopped by Frederik Andersen without a rebound.
13:31 of 2nd period - Kyle Turris wins face-off versus Bryan Little in Hurricanes zone.
13:48 of 2nd period - Shot by Kyle Turris.
13:48 of 2nd period - Stopped by Frederik Andersen without a rebound.
13:49 of 2nd period - Michael Frolik wins face-off versus Ryan Johansen in Hurricanes zone.
13:49 of 2nd period - Michael Frolik is hit by Nino Niederreiter.
14:06 of 2nd period - Shot by Leo Komarov.
14:06 of 2nd period - Stopped by Ondrej Pavelec without a rebound.
14:07 of 2nd period - Lee Stempniak wins face-off versus Nino Niederreiter in Sabres zone.
14:10 of 2nd period - Shot by Lee Stempniak.
14:10 of 2nd period - Stopped by Ondrej Pavelec without a rebound.
14:11 of 2nd period - Bryan Little wins face-off versus Nino Niederreiter in Sabres zone.
14:14 of 2nd period - Shot by Zach Parise.
14:14 of 2nd period - Stopped by Ondrej Pavelec without a rebound.
14:15 of 2nd period - Bryan Little wins face-off versus Ryan Johansen in Sabres zone.
14:24 of 2nd period - Shot by Bryan Little.
14:24 of 2nd period - Stopped by Ondrej Pavelec with a rebound.
14:32 of 2nd period - Shot by Lee Stempniak.
14:32 of 2nd period - Shot Misses the Net.
15:00 of 2nd period - Shot by Nino Niederreiter.
15:00 of 2nd period - Goal by Nino Niederreiter - Hurricanes : 2 - Sabres : 3.
15:01 of 2nd period - Leo Komarov wins face-off versus Kyle Turris in neutral zone.
15:40 of 2nd period - Shot by Nick Foligno.
15:40 of 2nd period - Shot Misses the Net.
15:55 of 2nd period - Off-side.
15:56 of 2nd period - Bryan Little wins face-off versus Nino Niederreiter in neutral zone.
16:13 of 2nd period - Shot by Bryan Little.
16:13 of 2nd period - Shot Misses the Net.
16:27 of 2nd period - Shot by Bryan Little.
16:27 of 2nd period - Shot Misses the Net.
16:44 of 2nd period - Minor Penalty to Lars Eller for Holding.
16:45 of 2nd period - Matt Cullen wins face-off versus Nick Foligno in Sabres zone.
16:54 of 2nd period - Shot by Keith Yandle.
16:54 of 2nd period - Shot Misses the Net.
16:56 of 2nd period - Shot by Leo Komarov.
16:56 of 2nd period - Stopped by Ondrej Pavelec without a rebound.
16:57 of 2nd period - Leo Komarov wins face-off versus Matt Cullen in Sabres zone.
17:22 of 2nd period - Shot by Keith Yandle.
17:22 of 2nd period - Deflect By Leo Komarov.
17:22 of 2nd period - Stopped by Ondrej Pavelec with a rebound.
17:24 of 2nd period - Shot by Michael Frolik.
17:24 of 2nd period - Stopped by Ondrej Pavelec with a rebound.
17:26 of 2nd period - Shot by Michael Frolik.
17:26 of 2nd period - Stopped by Ondrej Pavelec without a rebound.
17:27 of 2nd period - Jacob Josefson wins face-off versus Bryan Little in Sabres zone.
18:06 of 2nd period - Icing by Jamie McGinn.
18:07 of 2nd period - Matt Cullen wins face-off versus Bryan Little in Hurricanes zone.
18:24 of 2nd period - Zach Parise is hit by Johnny Oduya and loses puck.
18:46 of 2nd period - Michael Frolik is hit by Rasmus Ristolainen and loses puck.
18:53 of 2nd period - Shot by Carl Hagelin.
18:53 of 2nd period - Shot Misses the Net.
18:55 of 2nd period - Shot by Brad Richardson.
18:55 of 2nd period - Shot Misses the Net.
19:03 of 2nd period - Shot by Ryan Johansen.
19:03 of 2nd period - Deflect By Nino Niederreiter.
19:03 of 2nd period - Shot Blocked by Kyle Quincey.
19:30 of 2nd period - Icing by Tyler Myers.
19:31 of 2nd period - Ryan Johansen wins face-off versus Leo Komarov in Sabres zone.
Goals for this period are 0 for Hurricanes vs 3 for Sabres.
Shots for this period are 17 for Hurricanes vs 6 for Sabres.

3rd period


0:01 of 3rd period - Bryan Little wins face-off versus Ryan Johansen in neutral zone.
0:15 of 3rd period - Lee Stempniak is hit by Nino Niederreiter and loses puck.
0:16 of 3rd period - Minor Penalty to Ryan Johansen for Charging.
0:17 of 3rd period - Matt Cullen wins face-off versus Leo Komarov in Sabres zone.
1:37 of 3rd period - Shot by Keith Yandle.
1:37 of 3rd period - Stopped by Ondrej Pavelec without a rebound.
1:38 of 3rd period - Daniel Winnik wins face-off versus Bryan Little in Sabres zone.
1:57 of 3rd period - Shot by Jamie McGinn.
1:57 of 3rd period - Shot Misses the Net.
1:59 of 3rd period - Shot by Dustin Byfuglien.
1:59 of 3rd period - Shot Misses the Net.
2:58 of 3rd period - Shot by Ryan Johansen.
2:58 of 3rd period - Shot Misses the Net.
3:18 of 3rd period - Shot by Michael Frolik.
3:18 of 3rd period - Shot Misses the Net.
4:36 of 3rd period - Icing by Rasmus Ristolainen.
4:37 of 3rd period - Kyle Turris wins face-off versus Brian Boyle in Sabres zone.
4:53 of 3rd period - Icing by Brian Strait.
4:54 of 3rd period - Lars Eller wins face-off versus Brian Boyle in Hurricanes zone.
4:57 of 3rd period - Shot by Jacob Josefson.
4:57 of 3rd period - Shot Misses the Net.
5:49 of 3rd period - Johnny Oduya is hit by Zach Parise and loses puck.
6:03 of 3rd period - Minor Penalty to Matt Cullen for Holding.
6:04 of 3rd period - Brock Nelson wins face-off versus Leo Komarov in Sabres zone.
6:21 of 3rd period - Shot by Dustin Byfuglien.
6:21 of 3rd period - Shot Misses the Net.
6:39 of 3rd period - Shot by Dustin Byfuglien.
6:39 of 3rd period - Shot Misses the Net.
6:41 of 3rd period - Shot by Jordan Oesterle.
6:41 of 3rd period - Stopped by Ondrej Pavelec with a rebound.
6:43 of 3rd period - Shot by Michael Frolik.
6:43 of 3rd period - Stopped by Ondrej Pavelec without a rebound.
6:44 of 3rd period - Jacob Josefson wins face-off versus Jamie McGinn in Sabres zone.
6:44 of 3rd period - Jacob Josefson is hit by Jamie McGinn.
7:14 of 3rd period - Francois Beauchemin is hit by Jamie McGinn and loses puck.
8:05 of 3rd period - Minor Penalty to Dustin Byfuglien for Hooking.
8:06 of 3rd period - Brad Richardson wins face-off versus Kyle Turris in Hurricanes zone.
8:56 of 3rd period - Francois Beauchemin is hit by Leo Komarov.
9:37 of 3rd period - Off-side.
9:38 of 3rd period - Kyle Turris wins face-off versus Leo Komarov in neutral zone.
9:43 of 3rd period - Shot by Nino Niederreiter.
9:43 of 3rd period - Shot Misses the Net.
9:45 of 3rd period - Shot by Rasmus Ristolainen.
9:45 of 3rd period - Shot Blocked by Brian Strait.
9:51 of 3rd period - Shot by Kyle Turris.
9:51 of 3rd period - Stopped by Frederik Andersen without a rebound.
9:52 of 3rd period - Leo Komarov wins face-off versus Kyle Turris in Hurricanes zone.
10:20 of 3rd period - Shot by Brian Boyle.
10:20 of 3rd period - Deflect By Carl Hagelin.
10:20 of 3rd period - Shot Misses the Net.
10:22 of 3rd period - Shot by Carl Hagelin.
10:22 of 3rd period - Stopped by Ondrej Pavelec without a rebound.
10:23 of 3rd period - Kyle Turris wins face-off versus Leo Komarov in Sabres zone.
10:30 of 3rd period - Icing by Ron Hainsey.
10:31 of 3rd period - Ryan Johansen wins face-off versus Leo Komarov in Hurricanes zone.
11:01 of 3rd period - Shot by Brock Nelson.
11:01 of 3rd period - Shot Misses the Net.
11:03 of 3rd period - Shot by Braydon Coburn.
11:03 of 3rd period - Shot Misses the Net.
11:05 of 3rd period - Shot by Braydon Coburn.
11:05 of 3rd period - Shot Misses the Net.
11:35 of 3rd period - Shot by Oliver Ekman-Larsson.
11:35 of 3rd period - Shot Blocked by Bryan Little.
11:37 of 3rd period - Shot by Francois Beauchemin.
11:37 of 3rd period - Shot Blocked by Kyle Quincey.
11:51 of 3rd period - Shot by Lee Stempniak.
11:51 of 3rd period - Stopped by Ondrej Pavelec without a rebound.
11:52 of 3rd period - Brian Boyle wins face-off versus Kris Versteeg in Sabres zone.
12:53 of 3rd period - Icing by Rasmus Ristolainen.
12:54 of 3rd period - Michael Frolik wins face-off versus Kris Versteeg in Sabres zone.
12:59 of 3rd period - Shot by Nick Foligno.
12:59 of 3rd period - Shot Blocked by Tyler Myers.
13:58 of 3rd period - Shot by Bryan Little.
13:58 of 3rd period - Shot Misses the Net.
14:01 of 3rd period - Minor Penalty to Oliver Ekman-Larsson for Hooking.
14:02 of 3rd period - Zach Parise wins face-off versus Matt Cullen in Sabres zone.
14:03 of 3rd period - Shot by Bryan Little.
14:03 of 3rd period - Stopped by Ondrej Pavelec without a rebound.
14:04 of 3rd period - Bryan Little wins face-off versus Matt Cullen in Sabres zone.
14:21 of 3rd period - Shot by Jamie McGinn.
14:21 of 3rd period - Shot Misses the Net.
14:23 of 3rd period - Shot by Zach Parise.
14:23 of 3rd period - Shot Misses the Net.
14:25 of 3rd period - Shot by Bryan Little.
14:25 of 3rd period - Shot Hit the Post.
14:33 of 3rd period - Shot by Zach Parise.
14:33 of 3rd period - Stopped by Ondrej Pavelec without a rebound.
14:34 of 3rd period - Matt Cullen wins face-off versus Michael Frolik in Sabres zone.
14:34 of 3rd period - Matt Cullen is hit by Leo Komarov.
14:54 of 3rd period - Johnny Oduya is hit by Leo Komarov and loses puck.
15:27 of 3rd period - Keith Yandle is hit by Jacob Josefson and loses puck.
15:57 of 3rd period - Shot by Zach Parise.
15:57 of 3rd period - Shot Misses the Net.
16:07 of 3rd period - Shot by Brad Richardson.
16:07 of 3rd period - Shot Misses the Net.
16:13 of 3rd period - Shot by Alex Chiasson.
16:13 of 3rd period - Shot Misses the Net.
16:31 of 3rd period - Shot by Ryan Johansen.
16:31 of 3rd period - Shot Misses the Net.
16:33 of 3rd period - Shot by Oliver Ekman-Larsson.
16:33 of 3rd period - Shot Blocked by Ron Hainsey.
16:56 of 3rd period - Icing by Oliver Ekman-Larsson.
16:57 of 3rd period - Brock Nelson wins face-off versus Leo Komarov in Sabres zone.
17:09 of 3rd period - Shot by Michael Frolik.
17:09 of 3rd period - Shot Misses the Net.
17:41 of 3rd period - Shot by Matt Cullen.
17:41 of 3rd period - Shot Misses the Net.
17:43 of 3rd period - Shot by Johnny Oduya.
17:43 of 3rd period - The goal is going for a video replay.
17:43 of 3rd period - The goal is good.
17:43 of 3rd period - Goal by Johnny Oduya - Hurricanes : 2 - Sabres : 4.
17:44 of 3rd period - Bryan Little wins face-off versus Kris Versteeg in neutral zone.
18:03 of 3rd period - Shot by Lee Stempniak.
18:03 of 3rd period - Shot Misses the Net.
18:05 of 3rd period - Shot by Jordan Oesterle.
18:05 of 3rd period - Shot Misses the Net.
18:07 of 3rd period - Shot by Lee Stempniak.
18:07 of 3rd period - Goal by Lee Stempniak - Hurricanes : 3 - Sabres : 4.
18:08 of 3rd period - Kyle Turris wins face-off versus Brian Boyle in neutral zone.
18:10 of 3rd period - Johnny Oduya is hit by Dustin Byfuglien and loses puck.
18:27 of 3rd period - Shot by Jamie McGinn.
18:27 of 3rd period - Stopped by Ondrej Pavelec without a rebound.
18:28 of 3rd period - Gustav Nyquist wins face-off versus Zach Parise in Sabres zone.
18:36 of 3rd period - Minor Penalty to Nino Niederreiter for Hooking.
18:37 of 3rd period - Matt Cullen wins face-off versus Bryan Little in Sabres zone.
18:37 of 3rd period - Francois Beauchemin is hit by Jamie McGinn and loses puck.
19:01 of 3rd period - Hurricanes, Frederik Andersen is pulled from the net.
19:01 of 3rd period - Shot by Bryan Little.
19:01 of 3rd period - Shot Blocked by Johnny Oduya.
19:05 of 3rd period - Shot by Zach Parise.
19:05 of 3rd period - Goal by Zach Parise - Hurricanes : 4 - Sabres : 4.
19:05 of 3rd period - Frederik Andersen from Hurricanes was sent back in the game.
19:06 of 3rd period - Lars Eller wins face-off versus Leo Komarov in neutral zone.
19:22 of 3rd period - Icing by Leo Komarov.
19:23 of 3rd period - Leo Komarov wins face-off versus Ryan Johansen in Hurricanes zone.
19:43 of 3rd period - Minor Penalty to Ryan Johansen for Diving.
19:44 of 3rd period - Bryan Little wins face-off versus Matt Cullen in Sabres zone.
19:45 of 3rd period - Shot by Jordan Oesterle.
19:45 of 3rd period - Stopped by Ondrej Pavelec without a rebound.
19:46 of 3rd period - Matt Cullen wins face-off versus Bryan Little in Sabres zone.
19:46 of 3rd period - Francois Beauchemin is hit by Jamie McGinn and loses puck.
19:53 of 3rd period - Shot by Jamie McGinn.
19:53 of 3rd period - Stopped by Ondrej Pavelec without a rebound.
19:54 of 3rd period - Bryan Little wins face-off versus Matt Cullen in Sabres zone.
19:58 of 3rd period - Bryan Little is hit by Francois Beauchemin and loses puck.
Goals for this period are 2 for Hurricanes vs 1 for Sabres.
Shots for this period are 12 for Hurricanes vs 2 for Sabres.

Overtime #1


0:01 of 1st overtime period - Matt Cullen wins face-off versus Bryan Little in neutral zone.
0:37 of 1st overtime period - Icing by Bryan Little.
0:38 of 1st overtime period - Matt Cullen wins face-off versus Bryan Little in Hurricanes zone.
0:39 of 1st overtime period - Shot by Tyler Myers.
0:39 of 1st overtime period - Deflect By Matt Cullen.
0:39 of 1st overtime period - Goal by Matt Cullen - Hurricanes : 4 - Sabres : 5.
Goals for this period are 0 for Hurricanes vs 1 for Sabres.
Shots for this period are 0 for Hurricanes vs 1 for Sabres.